 Dungeon Crawl Stone Soup version 0.23-a0-416-g33f1def (webtiles) character file.

387 Firecrotchwizard the Conjurer (level 6, -1/32 HPs)
             Began as a Deep Elf Fire Elementalist on Nov 10, 2018.
             Was an Initiate of Vehumet.
             Killed from afar by Blork the orc (2 damage)
             ... with a puff of frost
             ... on level 5 of the Dungeon.
             The game lasted 00:12:53 (5825 turns).

Firecrotchwizard the Conjurer (DEFE)                Turns: 5825, Time: 00:12:54

Health: -1/32      AC:  2    Str:  5    XL:     6   Next: 49%
Magic:  2/13       EV: 13    Int: 22    God:    Vehumet [......]
Gold:   96         SH:  0    Dex: 15    Spells: 3/11 levels left

rFire    . . .     SeeInvis +   o - +0 quarterstaff
rCold    + . .     Gourm    .   (shield currently unavailable)
rNeg     . . .     Faith    .   i - +0 robe
rPois    .         Spirit   .   (no helmet)
rElec    .         Reflect  .   (no cloak)
rCorr    .         Harm     .   (no gloves)
MR       .....                  (no boots)
Stlth    +++.......             (no amulet)
HPRegen  0.10/turn              n - ring of see invisible {sInv, !d}
MPRegen  0.13/turn              s - ring of protection from cold {rC+, !d}

@: no status effects
A: no striking features
a: Renounce Religion


You were on level 5 of the Dungeon.
You worshipped Vehumet.
Vehumet was noncommittal.
You were not hungry.

You visited 2 branches of the dungeon, and saw 6 of its levels.

You collected 96 gold pieces.

Inventory:

Hand Weapons
 a - a +0 hunting sling
   (You took it off a goblin on level 2 of the Dungeon)
 b - a +0 short sword of speed
   (You took it off an orc on level 4 of the Dungeon)
 o - a +0 quarterstaff (weapon)
   (You found it on level 4 of the Dungeon)
 p - a +0 club
   (You took it off a hobgoblin on level 1 of the Dungeon)
Missiles
 j - 30 sling bullets
Armour
 i - a +0 robe (worn)
Jewellery
 n - a ring of see invisible (left hand) {sInv, !d}
   (You found it on level 3 of the Dungeon)
 s - a ring of protection from cold (right hand) {rC+, !d}
   (You found it on level 4 of the Dungeon)
Scrolls
 d - a scroll of remove curse {unknown}
 e - 6 scrolls of identify
 f - 4 scrolls of enchant weapon {unknown}
 l - a scroll of teleportation {unknown}
 q - a scroll of noise {unknown}
 t - 2 scrolls of amnesia {unknown}
Potions
 g - a potion of berserk rage {unknown}
 h - a potion of lignification {!q}
 k - a potion of curing {unknown}
 m - a potion of heal wounds {unknown}
 r - a potion of invisibility {unknown}
Comestibles
 c - 7 rations


   Skills:
 - Level 2.4 Dodging
 + Level 4.8 Stealth
 - Level 3.4 Spellcasting
 * Level 5.1 Conjurations
 + Level 4.9 Fire Magic


You had 3 spell levels left.
You knew the following spells:

 Your Spells              Type           Power        Failure   Level  Hunger
a - Flame Tongue          Conj/Fire      ####.        1%          1    None
c - Conjure Flame         Conj/Fire      ####....     4%          3    ###....
s - Sticky Flame          Conj/Fire      ####....     16%         4    ####...

Your spell library contained the following spells:

 Spells                   Type           Power        Failure   Level  Hunger
 Throw Flame              Conj/Fire      ####..       2%          2    ##.....
 Inner Flame              Hex/Fire       ##......     13%         3    ###....
 Fireball                 Conj/Fire      ####......   38%         5    ######.


Dungeon Overview and Level Annotations

Branches:
Dungeon (5/15)             Temple (1/1) D:4

Altars:
Cheibriados
Dithmenos
Elyvilon
Fedhas
Gozag
Hepliaklqana
Kikubaaqudgha
Makhleb
Nemelex Xobeh
Okawaru
Qazlal
Ru
Sif Muna
Trog
Uskayaw
Vehumet
Xom
Yredelemnul
Zin
The Shining One

Shops:
D:4 (

Annotations:
D:2 exclusions: adder and leopard gecko, Sigmund
D:3 exclusion: hound
D:5 Blork the orc


Message History

You take 4 damage, and have 10/32 hp.
You hit the crimson imp but do no damage.
The crimson imp misses you.
There is a stone staircase leading up here.
You hit the crimson imp.
The crimson imp grins evilly.
The crimson imp barely misses you. x2
You barely miss the crimson imp. The crimson imp hits you.
* * * LOW HITPOINT WARNING * * *
You take 4 damage, and have 7/32 hp.
You barely miss the crimson imp. The crimson imp completely misses you.
You hit the crimson imp but do no damage.
The crimson imp closely misses you.
You hit the crimson imp.
The crimson imp hits you but does no damage.
The crimson imp hits you.
* * * LOW HITPOINT WARNING * * *
You take 3 damage, and have 4/32 hp.
You hit the crimson imp. The crimson imp hits you.
* * * LOW HITPOINT WARNING * * *
You take 1 damage, and have 3/32 hp.
You closely miss the crimson imp. The crimson imp hits you.
* * * LOW HITPOINT WARNING * * *
You hit the crimson imp. The crimson imp closely misses you. x2
You hit the crimson imp. The crimson imp spits at you.
The crimson imp closely misses you.
You hit the crimson imp. The crimson imp hits you.
* * * LOW HITPOINT WARNING * * *
You take 1 damage, and have 2/32 hp.
You closely miss the crimson imp.
The crimson imp blinks!
The crimson imp blinks!
There is a stone staircase leading up here.
You climb upwards.
There is a stone staircase leading down here.
You start resting.
Health restored: 32
There is a stone staircase leading down here.
You climb downwards.
There is a stone staircase leading up here.
t - a scroll labeled VEAN HOKESUF
Found a stone staircase leading down.
t - 2 scrolls labeled VEAN HOKESUF (gained 1) Blork the orc comes into view.
He is wielding a +0 halberd.
Blork the orc shouts!
Aim: Blork the orc, wielding a +0 halberd and wearing a +0 robe The flame tongue hits Blork the orc.
Blork the orc screams, "Die!"
Blork the orc mumbles some strange words.
Blork the orc seems to speed up.
You now have 12/13 mp.
Aim: Blork the orc, wielding a +0 halberd and wearing a +0 robe (lightly The flame tongue hits Blork the orc.
You now have 11/13 mp.
Aim: Blork the orc, wielding a +0 halberd and wearing a +0 robe (heavily The flame tongue hits Blork the orc.
Blork the orc screams, "I'll make a cloak from your skin!"
Blork the orc hits you but does no damage.
You now have 10/13 mp.
Aim: Blork the orc, wielding a +0 halberd and wearing a +0 robe (heavily The flame tongue hits Blork the orc.
Blork the orc casts a spell at you. The puff of flame hits you!
Blork the orc closely misses you.
You take 8 damage, and have 24/32 hp.
MASSIVE DAMAGE!!
You now have 9/13 mp.
Okay, then.
The fire ignites!
Blork the orc points at you and mumbles some strange words.
The magic dart hits you!
You take 5 damage, and have 19/32 hp.
You now have 6/13 mp.
Aim: Blork the orc, wielding a +0 halberd and wearing a +0 robe (heavily The flame tongue misses Blork the orc.
Blork the orc hits you from afar with a +0 halberd!
* * * LOW HITPOINT WARNING * * *
You take 12 damage, and have 7/32 hp.
MASSIVE DAMAGE!!
You now have 5/13 mp.
Aim: Blork the orc, wielding a +0 halberd and wearing a +0 robe (heavily The flame tongue hits Blork the orc.
Blork the orc gestures at you while chanting.
You hear a sizzling sound!
Blork the orc casts a spell at you. The puff of frost hits you! You resist.
* * * LOW HITPOINT WARNING * * *
You take 1 damage, and have 6/32 hp.
Aim: Blork the orc, wielding a +0 halberd and wearing a +0 robe (heavily The flame tongue misses Blork the orc.
Blork the orc closely misses you.
You now have 4/13 mp.
Aim: Blork the orc, wielding a +0 halberd and wearing a +0 robe (heavily The flame tongue misses Blork the orc.
Blork the orc closely misses you.
You now have 3/13 mp.
Aim: Blork the orc, wielding a +0 halberd and wearing a +0 robe (heavily The flame tongue hits Blork the orc.
Blork the orc gestures at you while chanting.
The puff of frost hits you! You resist.
* * * LOW HITPOINT WARNING * * *
Blork the orc gestures at you while chanting.
The puff of frost hits you! You resist.
You die...

##################
#.......o........#
#.############....
#o# #.#.# #.#
.....>... #@#
#####.#.# #.#
#.#.. #.# #.#..
#.# #.#.. #.#
#.... #.# #.. #.#
#.# #.#


You could see Blork the orc.

Vanquished Creatures
  A centaur (D:3)
  A scorpion (D:4)
  2 orc priests
  3 worker ants
  3 adders
  An ooze (D:3)
  2 worms
  3 dart slugs
  A leopard gecko (D:2)
  5 orcs
  8 bats
  6 giant cockroaches
  10 goblins
  5 hobgoblins
  8 jackals
  2 quokkas
  3 frilled lizards
  11 kobolds
  8 rats
83 creatures vanquished.

Notes
Turn   | Place    | Note
-------+----------+-------------------------------------------
     0 | D:1      | Firecrotchwizard the Deep Elf Fire Elementalist began the
                  | quest for the Orb.
     0 | D:1      | Reached XP level 1. HP: 10/10 MP: 6/6
   422 | D:1      | Reached XP level 2. HP: 15/15 MP: 8/8
   950 | D:1      | Reached skill level 2 in Conjurations
  1067 | D:1      | Reached XP level 3. HP: 9/19 MP: 3/9
  1072 | D:1      | Learned a level 3 spell: Conjure Flame
  1231 | D:1      | Reached skill level 3 in Stealth
  1898 | D:2      | Found a bloodstained altar of Trog.
  2201 | D:2      | Noticed Sigmund
  2280 | D:2      | Reached XP level 4. HP: 24/24 MP: 9/11
  2522 | D:3      | Reached skill level 3 in Conjurations
  2530 | D:3      | Reached skill level 4 in Fire Magic
  3055 | D:3      | Reached XP level 5. HP: 20/28 MP: 8/12
  3057 | D:3      | Reached skill level 4 in Stealth
  3254 | D:3      | Learned a level 4 spell: Sticky Flame
  3258 | D:3      | Reached skill level 4 in Conjurations
  3267 | D:3      | Noticed a centaur
  3275 | D:3      | Killed a centaur
  3605 | D:3      | Reached XP level 6. HP: 32/32 MP: 10/13
  3709 | D:3      | Found a burning altar of Makhleb.
  3971 | D:4      | Found a staircase to the Ecumenical Temple.
  3989 | Temple   | Entered the Ecumenical Temple
  4151 | Temple   | Became a worshipper of Vehumet
  4251 | D:4      | Found Kenloer's Antique Weapon Emporium.
  4659 | D:4      | Reached skill level 5 in Conjurations
  5073 | D:5      | Entered Level 5 of the Dungeon
  5399 | D:5      | HP: 7/32 [crimson imp (4)]
  5403 | D:5      | HP: 3/32 [crimson imp (1)]
  5794 | D:5      | Noticed Blork the orc
  5821 | D:5      | HP: 7/32 [Blork the orc/+0 halberd (13)]
  5825 | D:5      | HP: 1/32 [Blork the orc/puff of frost (5)]
  5825 | D:5      | Killed from afar by Blork the orc

Vault maps used:
D:1:      elethiomel_arrival_shortcut
D:2:      bloody_trog, uniq_sigmund
D:3:      lemuel_coloured_pillars_altar, first_ration, st_stairs_5,
          cheibrodos_gnoll_hut
D:4:      minmay_temple_entry_grid, serial_shops, shop
D:5:      led_xom_imps, uniq_edmund, uniq_blork_the_orc
Temple:   dpeg_five_rooms_temple

Skill      XL: |  1  2  3  4  5  6 |
---------------+-------------------+-----
Conjurations   | 2 3 4 5 |  5.1
Stealth        | 3 4 |  4.8
Fire Magic     | 4 |  4.9
Dodging        | |  2.4
Spellcasting   | |  3.4

Action                   |  1- 3 |  4- 6 || total
-------------------------+-------+-------++-------
Melee: Club              |    40 |       ||    40
       Quarterstaff      |       |    46 ||    46
       Unarmed           |       |    17 ||    17
 Fire: Hunting sling     |    15 |    91 ||   106
 Cast: Flame Tongue      |    68 |    57 ||   125
       Sticky Flame      |       |     2 ||     2
       Conjure Flame     |       |     1 ||     1
Evoke: Wand              |       |     8 ||     8
  Use: Scroll            |       |     1 ||     1
       Potion            |       |     1 ||     1
 Stab: Sleeping          |     6 |       ||     6
  Eat: Chunk             |     4 |     8 ||    12
       Ration            |       |     1 ||     1
Armor: Robe              |    10 |    10 ||    20
       Skin              |       |    15 ||    15
Dodge: Dodged            |    53 |    69 ||   122

Table legend:
 A = Non-vault XP
 B = Vault XP
 C = Vault XP percentage of total XP
 D = Non-vault monster count
 E = Vault monster count
 F = Vault count percentage of total count
                 A         B        C        D         E       F
            +---------+---------+-------+---------+---------+-------
      Total |     545 |       9 |   1.6 |      81 |       2 |   2.4
            +---------+---------+-------+---------+---------+-------
        D:1 |      50 |       0 |   0.0 |      28 |       0 |   0.0
        D:2 |      54 |       0 |   0.0 |      24 |       0 |   0.0
        D:3 |     270 |       9 |   3.2 |      19 |       2 |   9.5
        D:4 |     169 |       0 |   0.0 |       9 |       0 |   0.0
        D:5 |       2 |       0 |   0.0 |       1 |       0 |   0.0
            +---------+---------+-------+---------+---------+-------

Vault maps used:
D:1:      elethiomel_arrival_shortcut
D:2:      bloody_trog, uniq_sigmund
D:3:      lemuel_coloured_pillars_altar, first_ration, st_stairs_5,
          cheibrodos_gnoll_hut
D:4:      minmay_temple_entry_grid, serial_shops, shop
D:5:      led_xom_imps, uniq_edmund, uniq_blork_the_orc
Temple:   dpeg_five_rooms_temple

Table legend:
 A = Turns spent in this place as a percentage of turns spent in the entire game.
 B = Non-inter-level travel turns spent in this place as a percentage of non-inter-level travel turns spent in the entire game.
 C = Inter-level travel turns spent in this place as a percentage of turns spent in this place.
 D = Turns resting spent in this place as a percentage of non-inter-level travel turns spent in this place.
 E = Turns spent auto-exploring this place as a percentage of non-inter-level travel turns spent in this place.
 F = Non-inter-level travel turns spent in this place divided by the number of levels of this place that you've seen.
                   A       B       C       D       E      F
               +-------+-------+-------+-------+-------+----------------------
         Total | 100.0 | 100.0 |   4.0 |  45.2 |  41.2 | 931.7
       Dungeon |  96.7 |  97.1 |   3.7 |  46.5 |  39.5 | 1085.4
        Temple |   3.3 |   2.9 |  15.1 |   0.0 |  97.5 | 163.0
               +-------+-------+-------+-------+-------+----------------------

Table legend:
 A = Kills in this place as a percentage of kills in entire the game.
 B = Kills by you in this place as a percentage of kills by you in the entire game.
 C = Kills by friends in this place as a percentage of kills by friends in the entire game.
 D = Other kills in this place as a percentage of other kills in the entire game.
 E = Experience gained in this place as a percentage of experience gained in the entire game.
 F = Experience gained in this place divided by the number of levels of this place that you have seen.
                   A       B       C       D       E      F
               +-------+-------+-------+-------+-------+----------------------
         Total | 100.0 | 100.0 |   N/A |   N/A | 100.0 |  92.3
       Dungeon | 100.0 | 100.0 |   N/A |   N/A | 100.0 | 110.8
               +-------+-------+-------+-------+-------+----------------------
